 Dungeon Crawl Stone Soup version 0.31-a0-640-g39d97e502b (webtiles) character file.

Game seed: 1402320149564215603

2779 rjrrt the Cleaver (level 9, -27/78 HPs)
             Began as a Gargoyle Berserker on Aug 28, 2023.
             Was a Priest of Trog.
             Annihilated by a very large slime creature (41 damage)
             ... on level 8 of the Dungeon.
             The game lasted 00:12:17 (5957 turns).

rjrrt the Cleaver (Gargoyle Berserker)              Turns: 5957, Time: 00:12:17

Health: -27/78     AC: 20    Str: 25    XL:     9   Next: 70%
Magic:  0/9        EV: 10    Int:  8    God:    Trog [***...]
Gold:   479        SH:  0    Dex:  9    Spells: 8/8 levels left

rFire   + . .        a - +1 broad axe (venom)
rCold   + . .        (no shield)
rNeg    + + .        p - +0 pearl dragon scales
rPois   ∞            s - +0 helmet
rElec   +            h - +0 cloak
rCorr   .            (no gloves)
SInv    .            (no boots)
Will    .....        e - amulet of guardian spirit Stlth
                     k - ring of protection from fire
HPRegen 0.33/turn    r - ring of protection from cold
MPRegen 0.11/turn

%: guardian spirit
@: berserking, very quick
A: sickness immunity, AC +6, negative energy resistance 1, electricity
resistance, torment resistance 1, petrification resistance
a: Renounce Religion, Berserk, Trog's Hand


You were on level 8 of the Dungeon.
You worshipped Trog.
Trog was most pleased with you.
You visited 1 branch of the dungeon, and saw 8 of its levels.

You collected 608 gold pieces.
You spent 129 gold pieces at shops.

Inventory:

Hand Weapons
 a - a +1 broad axe of venom (weapon)
 b - a +6 spear of freezing
Armour
 h - a +0 cloak (worn)
 p - +0 pearl dragon scales (worn)
 s - a +0 helmet (worn)
Jewellery
 e - an amulet of guardian spirit (around neck)
 k - a ring of protection from fire (left hand)
 r - a ring of protection from cold (right hand)
Wands
 q - a wand of acid (4)
 x - a wand of charming (10)
Scrolls
 c - 2 scrolls of enchant weapon
 i - 3 scrolls of teleportation
 l - 2 scrolls of blinking
 t - a scroll of poison
Potions
 d - 2 potions of attraction
 f - a potion of might
 g - 3 potions of heal wounds
 j - 3 potions of curing
 m - 2 potions of lignification
 n - a potion of mutation {unknown}
 o - 2 potions of haste
 u - 3 potions of invisibility
 v - a potion of enlightenment {unknown}
 w - a potion of ambrosia {unknown}


   Skills:
 + Level 4.6 Fighting
 * Level 11.2 Axes
 + Level 3.8 Armour
 + Level 2.8 Dodging
 + Level 1.0 Evocations


You had 8 spell levels left.
You didn't know any spells.
Your spell library was empty.

Dungeon Overview and Level Annotations

Branches:
Dungeon (8/15)             Temple (0/1) D:5
   Lair: D:8-11

Altars:
Ashenzari
Hepliaklqana
Makhleb
Okawaru
Ru
The Shining One

Shops:
D:1 =   D:8 (

Annotations:
D:1 1 exclusion
D:7 2 transporters, thirtiethelement's ghost, novice DsFi


Innate Abilities, Weirdness & Mutations

You are immune to sickness and miasma.
Your stone body is resilient. (AC +6)
You are immune to poison.
You resist negative energy. (rN+)
You are resistant to electric shocks. (rElec)
You are resistant to unholy torment.
You are immune to petrification.


Message History

Unknown command.
You slash the titanic slime creature!
The titanic slime creature is lightly wounded.
A titanic slime creature splits.
Unknown command.
A red film seems to cover your vision as you go berserk!
You feel yourself moving faster!
You feel mighty!
The very large slime creature misses you.
The large slime creature hits you but does no damage.
Unknown command.
You hit the very large slime creature.
The very large slime creature is lightly wounded.
You slash the large slime creature!
The very large slime creature hits you!!!
Ouch! That really hurt!
You hear an angry hiss.
You are too injured to fight recklessly!
Unknown command.
You are too injured to fight recklessly!
Unknown command.
You are too injured to fight recklessly!
Unknown command.
Unknown command.
You slash the very large slime creature!
The very large slime creature is moderately wounded.
You slash the large slime creature! The large slime creature hits you!!
* * * LOW HITPOINT WARNING * * *
Unknown command.
You slash the very large slime creature!
The very large slime creature is moderately wounded.
You hit the large slime creature.
The very large slime creature closely misses you.
The large slime creature barely misses you.
Unknown command.
You slash the very large slime creature!
The very large slime creature is moderately wounded.
You barely miss the large slime creature.
The very large slime creature hits you!!!
Ouch! That really hurt!
You die...

#....## #.##..+
#.##### #.# #)
#.####. #....#.
######. #.##.#####
### .......J@# #.∩
####.###J# #.# #.#
#.# #.###.#### #.#
#......[.# #.#
#..##.##.## #.#
#.. #.#...## #.#
#..
#......#########<#
#..
#......).........#


You could see a very large slime creature and a large slime creature.

Vanquished Creatures
  Pikel (D:5)
  A water moccasin (D:8)
  An ice beast (D:6)
  3 black bears
  2 sky beasts (D:6)
  An ogre (D:6)
  2 centaurs
  3 bullfrogs
  4 scorpions
  3 wights (D:6)
  3 killer bees (D:7)
  A howler monkey (D:5)
  4 hounds
  A jelly (D:6)
  2 orc priests (D:7)
  2 sleepcaps
  2 iguanas (D:5)
  4 orc wizards
  7 gnolls
  9 adders
  2 shadow imps (D:7)
  An ufetubus (D:7)
  3 worms
  3 dart slugs
  19 orcs
  5 endoplasms
  3 giant cockroaches
  7 goblins
  5 hobgoblins
  2 jackals (D:3)
  4 quokkas
  4 ball pythons
  3 bats
  A frilled lizard (D:1)
  5 kobolds (D:1)
  A rat (D:3)
124 creatures vanquished.

Notes
Turn   | Place    | Note
-------+----------+-------------------------------------------
     0 | D:1      | rjrrt the Gargoyle Berserker began the quest for the Orb.
     0 | D:1      | Reached XP level 1. HP: 14/14 MP: 1/1
   157 | D:1      | Reached skill level 3 in Axes
   196 | D:1      | Reached XP level 2. HP: 19/19 MP: 2/2
   482 | D:1      | Found a faded altar of an unknown god.
   665 | D:1      | Found Ahekh's One-of-a-Kind Rings.
   928 | D:2      | Reached XP level 3. HP: 23/23 MP: 3/3
  1072 | D:2      | Reached skill level 4 in Axes
  1074 | D:2      | Reached XP level 4. HP: 3/28 MP: 4/4
  1429 | D:2      | Reached ** piety under Trog
  1651 | D:3      | Found a burning altar of Makhleb.
  1756 | D:3      | Found a sacrificial altar of Ru.
  1777 | D:3      | Reached skill level 5 in Axes
  1895 | D:3      | Reached XP level 5. HP: 32/32 MP: 5/5
  2757 | D:4      | Noticed a black bear
  2774 | D:4      | Killed a black bear
  2775 | D:4      | Reached skill level 6 in Axes
  2775 | D:4      | Reached XP level 6. HP: 33/37 MP: 6/6
  2977 | D:4      | Found a hazy altar of Hepliaklqana.
  3180 | D:5      | Entered Level 5 of the Dungeon
  3228 | D:5      | Found a staircase to the Ecumenical Temple.
  3326 | D:5      | Reached skill level 7 in Axes
  3382 | D:5      | Reached XP level 7. HP: 41/41 MP: 7/7
  3550 | D:5      | Noticed Pikel
  3569 | D:5      | Killed Pikel
  3570 | D:5      | Reached skill level 8 in Axes
  3570 | D:5      | Reached XP level 8. HP: 46/46 MP: 6/8
  3737 | D:5      | Reached skill level 9 in Axes
  4329 | D:6      | Reached skill level 10 in Axes
  4434 | D:6      | Reached XP level 9. HP: 42/51 MP: 7/9
  4635 | D:6      | Found an iron altar of Okawaru.
  4698 | D:6      | Reached *** piety under Trog
  4920 | D:6      | Found a glowing golden altar of the Shining One.
  5126 | D:7      | Found a transporter.
  5131 | D:7      | Noticed thirtiethelement's ghost (novice DsFi)
  5237 | D:7      | Reached skill level 11 in Axes
  5307 | D:7      | Identified the +1 leather armour of Shielding {+Inv rF++
                  | rC-}
  5412 | D:7      | Found a transporter.
  5725 | D:8      | Found Lit Kass's Weapon Shoppe.
  5734 | D:8      | Bought a +1 broad axe of venom for 129 gold pieces
  5737 | D:8      | Found a broken altar of Ashenzari.
  5912 | D:8      | Reached skill level 1 in Evocations
  5957 | D:8      | Annihilated by a very large slime creature

Illustrated notes

Levels and vault maps discovered:
D:1:      dpeg_arrival_morbid_curiosity, layout_basic,
          hellmonk_ecumenical_altar_blasted, serial_bayou_pond_a,
          nicolae_shop_unique_rings
D:2:      layout_basic
D:3:      layout_loops_cross, mainiacjoe_overflow_catch_the_wave
D:4:      layout_cave_pools, mainiacjoe_overflow_alcove_2
D:5:      layout_basic, minmay_temple_entry_statues, uniq_pikel
D:6:      layout_gridville, okawaru_gym_becter, nicolae_tso_swordbearing_angel
D:7:      layout_loops_cross, gammafunk_ghost_stat_death
D:8:      layout_loops_ring, tgw_sif, ashenzari_conservatory_becter,
          gammafunk_ghost_necromancy, serial_shops, shop, uniq_maggie

Skill      XL: |  1  2  3  4  5  6  7  8  9 |
---------------+----------------------------+-----
Axes           | 3 4 5 6 7 8 10 11 | 11.2
Dodging        | 2 |  2.8
Fighting       | 4 |  4.6
Armour         | 3 |  3.8
Evocations     | 1 |  1.0

Action                     |  1- 3 |  4- 6 |  7- 9 || total
---------------------------+-------+-------+-------++-------
  Melee: Hand axe          |    74 |   194 |   208 ||   476
         Punch             |       |     2 |     4 ||     6
         Broad axe         |       |       |    25 ||    25
 Invoke: Berserk           |     2 |     1 |     4 ||     7
    Use: Scroll            |       |    14 |     3 ||    17
   Stab: Sleeping          |     1 |       |       ||     1
 Armour: Animal skin       |    28 |       |       ||    28
         Ring mail         |       |    34 |       ||    34
         Pearl dragon scal |       |    35 |   146 ||   181
  Dodge: Dodged            |    42 |   109 |   144 ||   295

Table legend: (Time is in decaauts)
 A = Elapsed time spent in this place.
 B = Non-inter-level travel time spent in this place.
 C = Inter-level travel time spent in this place.
 D = Time resting spent in this place.
 E = Time spent auto-exploring this place.
 F = Levels seen in this place.
 G = Mean time per level.
                   A        B        C        D        E       F      G
               +--------+--------+--------+--------+--------+-----+--------+
         Total |   6021 |   5821 |    200 |    227 |   4303 |   8 |  752.6 |
       Dungeon |   6021 |   5821 |    200 |    227 |   4303 |   8 |  752.6 |
               +--------+--------+--------+--------+--------+-----+--------+

Top non-repeatable levels by time:
     D:5: 1076 daAuts
     D:3: 1009 daAuts
     D:1: 895 daAuts
     D:6: 821 daAuts
     D:2: 792 daAuts
     D:7: 669 daAuts
     D:4: 526 daAuts
     D:8: 231 daAuts
